 Dungeon Crawl Stone Soup version 0.18.1-50-g88ac8fd (webtiles) character file.

49 WanderingOwl the Cudgeler (level 3, -5/36 HPs)
             Began as a Troll Berserker on Oct 10, 2016.
             Was a Believer of Trog.
             Slain by an orc
             ... wielding a +0 flail
              (11 damage)
             ... on level 3 of the Dungeon.
             The game lasted 00:10:45 (1845 turns).

WanderingOwl the Cudgeler (Troll Berserker)         Turns: 1845, Time: 00:10:47

Health: -5/36      AC:  5    Str: 26    XL:     3   Next: 53%
Magic:  2/2        EV: 10    Int:  3    God:    Trog [**....]
Gold:   113        SH:  0    Dex:  9    Spells: 0 memorised, 2 levels left

rFire  . . .     SeeInvis .     a - +0 mace
rCold  . . .     Gourm    +     b - +0 animal skin
rNeg   . . .     Faith    .     (no shield)
rPois  .         Spirit   .     (helmet restricted)
rElec  .         Dismiss  .     (no cloak)
rCorr  .         Reflect  .     (gloves unavailable)
SustAt .         Harm     .     (boots unavailable)
MR     .....                    (no amulet)
Stlth  +.........               (no ring)
                                (no ring)

@: lethally poisoned (-5 -> -5), not resistant to hostile enchantments, very
unstealthy
A: unfitting armour, claws 3, fast metabolism 3, gourmand, regeneration 2,
shaggy fur 1, tough skin 2
a: Berserk, Trog's Hand, Burn Spellbooks, Renounce Religion


You were on level 3 of the Dungeon.
You worshipped Trog.
Trog was pleased with you.
You were full.

You visited 1 branch of the dungeon, and saw 3 of its levels.

You collected 113 gold pieces.

Inventory:

Hand Weapons
 a - a +0 mace (weapon)
Armour
 b - a +0 animal skin (worn)
 d - a +0 ring mail
Jewellery
 k - an uncursed ring of stealth {unknown}
 x - an uncursed ring of positive energy {unknown}
Wands
 r - a wand of iceblast (8/15)
Scrolls
 f - 4 scrolls of enchant weapon {unknown}
 g - 4 scrolls of teleportation {unknown}
 h - 3 scrolls of identify {unknown}
 i - a scroll of fear {unknown}
 j - a scroll of noise {unknown}
 l - a scroll of blinking {unknown}
 m - a scroll of remove curse {unknown}
 n - a scroll of enchant armour {unknown}
 s - a scroll of random uselessness {unknown}
 t - 2 scrolls of magic mapping {unknown}
 w - a scroll of immolation {unknown}
Potions
 e - a potion of invisibility {unknown}
 o - 2 potions of mutation {unknown}
 p - a potion of flight {unknown}
 q - a potion of heal wounds {unknown}
 u - a potion of haste {unknown}
 v - a potion of degeneration {unknown}
 A - a potion of brilliance {unknown}
Comestibles
 c - 3 bread rations
 z - a meat ration


   Skills:
 + Level 2.8 Fighting
 + Level 3.1 Maces & Flails
 + Level 3.1 Dodging


You had 2 spell levels left.
You didn't know any spells.

Dungeon Overview and Level Annotations

Branches:
Dungeon (3/15)

Altars:
Vehumet
The Shining One


Innate Abilities, Weirdness & Mutations

You are too large for most types of armour.
You have claws for hands.
Your metabolism is lightning-fast.
You like to eat raw meat.
You heal very quickly.
You are covered in fur (AC +1).
You have very tough skin (AC +2).


Message History

The adder bites you.
You hit the orc.
The orc is heavily wounded.
The hobgoblin barely misses you. The adder closely misses you.
The orc closely misses you.
You hit the hobgoblin.
The hobgoblin is severely wounded.
You feel sick. The adder bites you but does no damage.
The hobgoblin hits you with a club. The adder closely misses you.
The orc hits you with a flail.
* * * LOW HITPOINT WARNING * * *
An orc wizard comes into view. It is wielding a dagger.
You closely miss the orc.
The orc is heavily wounded.
The hobgoblin hits you with a club.
* * * LOW HITPOINT WARNING * * *
The adder barely misses you.
The orc wizard miscasts a cantrip.
The orc hits you with a flail!
You die...

...#..#######.#..####.#.#
...#...............##.#.#
.......###.....#.#.##.#.#
......####.###.#.#.##.#.#
.........>. ..#.#....#.#
......#....#.###.####.#.#
....................#.#.#
.............###.o#####.##
#..............S@o.......#
####..#..........g.#######
..#..........#.# ..#
.........o.. ..#######.#.#
. ..#.# ..#..... .## #
#.#.... . .......#


You could see 2 orc wizards, an adder, an orc and a hobgoblin.

Vanquished Creatures
  An ooze (D:1)
  2 dart slugs
  A giant gecko (D:2)
  An orc (D:2)
  6 bats
  2 goblins
  4 hobgoblins
  2 jackals (D:1)
  6 kobolds
  2 quokkas (D:3)
  A ball python (D:2)
  2 giant newts
  6 rats
  A plant (D:1)
37 creatures vanquished.

Notes
Turn   | Place    | Note
--------------------------------------------------------------
     0 | D:1      | WanderingOwl the Troll Berserker began the quest for the Orb.
     0 | D:1      | Reached XP level 1. HP: 22/22 MP: 0/0
   211 | D:1      | Reached XP level 2. HP: 28/29 MP: 1/1
   932 | D:2      | Reached XP level 3. HP: 33/36 MP: 2/2
   933 | D:2      | Reached ** piety under Trog
  1617 | D:3      | Found a glowing golden altar of the Shining One.
  1678 | D:3      | Found a radiant altar of Vehumet.
  1845 | D:3      | Slain by an orc

Skill      XL: |  1  2  3 |
---------------+----------+-----
Maces & Flails | 3 |  3.1
Dodging        | 3 |  3.1
Fighting       | |  2.8

Action                   || total
-------------------------++-------
Melee: Mace              ||   177
  Eat: Chunk             ||    19
Armor: Animal skin       ||    83
Dodge: Dodged            ||   118
